Description

1-base Tank-helion-liberator allin

Replay - Gizmokvack v Бульбулятор - Станция Кайрос РВ

Build Order

Get SALT Encoding   

  12  0:00  SCV  
  13  0:12  SCV  
  14  0:19  Supply Depot  
  14  0:24  SCV  
  15  0:31  Refinery  
  15  0:41  SCV  
  16  0:45  Barracks  
  16  0:53  SCV  
  17  1:01  Refinery  
  17  1:07  SCV  
  18  1:19  SCV  
  19  1:33  Factory, Marine  
  19  1:39  Orbital Command  
  20  1:53  Barracks Tech Lab  
  20  1:55  Supply Depot  
  20  2:04  SCV  
  21  2:15  Factory  
  21  2:22  SCV  
  22  2:29  Siege Tank  
  25  2:41  Starport  
  25  2:43  SCV  
  27  2:59  Supply Depot  
  27  3:00  Factory Reactor  
  27  3:06  Siege Tank  
  31  3:16  Liberator  
  34  3:36  Hellion x2  
  38  3:47  Supply Depot x2  
  39  4:06  Liberator  
  39  4:08  Siege Tank  
  39  4:09  Hellion x2  
  49  4:39  Hellion x2  
  53  4:51  Siege Tank  
  55  5:09  Liberator  
  55  5:13  Hellion x2  
  50  5:23  Hellion  
  55  5:41  Marine  
  47  5:57  Hellion  
Spawning Tool Build Advisor. Get it on Overwolf

Go to:

Details

  • Created by: ser
  • Published on: Mar 18, 2019
  • Modified on: Mar 18, 2019
  • Patch: 4.7.1
Show
View Real Time Build Order
Export as new Build Order

Comments (0)

There are no comments. Be the first!

Create an account to comment!